[Event "Thursday 05 April Rapid Engine Tour 12+1 Rounds 9 Starts 1600ST"]
[Site "Infinity Chess"]
[Date "2018.4.5"]
[Round "5"]
[White "MarioDeMonti"]
[Black "SkyPilot"]
[Result "1-0"]
[ECO "C55"]
[WhiteElo "2500"]
[BlackElo "2479"]
[WhiteEngine "stockfish_x64_bmi2_2018_02_18_CTG"]
[BlackEngine "stockfish_x64_bmi2_2018_03_30_CTG"]
[EventType "Swiss"]
[WhiteTeam ""]
[BlackTeam ""]
[PlyCount "209"]
[TimeControl "720+1"]

1. e4 e5 2. Nf3 Nc6 3. Bc4 Nf6 4. d3 Bc5 5. c3 d6 6. O-O O-O 7. a4 a6 
8. Nbd2 Ba7 9. Re1 Ne7 10. h3 Ng6 11. d4 h6 12. a5 Re8 13. Qb3 Qd7 14. Qc2 Nf4 
15. Bf1 Qe6 16. d5 Qe7 17. Nc4 g5 18. Be3 Qf8 19. Bxa7 Rxa7 20. Ne3 Qg7 
21. Kh2 Kh8 22. g3 Rg8 23. c4 g4 24. Nh4 Qg5 25. Nhf5 Nxh3 26. Bxh3 Bxf5 
27. Nxf5 Qh5 28. Nh4 gxh3 29. c5 Raa8 30. cxd6 cxd6 31. Qe2 Qxe2 32. Rxe2 Kh7 
33. Ra3 Rgd8 34. Rf3 Kg7 35. Rb3 Rd7 36. Rb6 Kh7 37. Kxh3 h5 38. Re3 Ng4 
39. Rf3 Rc8 40. Nf5 Rcd8 41. Kg2 Nh6 42. Ne3 Kg6 43. Nc4 Ng4 44. Rfb3 f5 
45. exf5+ Kxf5 46. f3 Nf6 47. Ne3+ Kg6 48. Rxb7 e4 49. fxe4 Rxb7 50. Rxb7 Nxe4 
51. Rb6 Kf6 52. Nc4 Rg8 53. Nxd6 Nxg3 54. Ne4+ Ke5 55. Nxg3 Kf4 56. Kh2 Rg5 
57. Ne2+ Kf3 58. Nc3 Rg2+ 59. Kh3 Rg3+ 60. Kh4 Rg4+ 61. Kxh5 Rg7 62. d6 Kf4 
63. Nd5+ Kf5 64. Nf6 Rg1 65. Kh4 Rh1+ 66. Kg3 Kxf6 67. Rxa6 Ke5 68. d7 Rg1+ 
69. Kf2 Rg8 70. d8=R Rxd8 71. Ke3 Kd5 72. Rb6 Re8+ 73. Kd3 Rh8 74. a6 Rh3+ 
75. Kc2 Rh7 76. Kc3 Kc5 77. Rb7 Rh3+ 78. Kd2 Rh2+ 79. Ke3 Rh3+ 80. Kf2 Kc6 
81. b4 Rh2+ 82. Kg3 Ra2 83. b5+ Kc5 84. a7 Ra3+ 85. Kf4 Ra4+ 86. Kf5 Ra5 
87. Ke4 Ra4+ 88. Kd3 Ra3+ 89. Kc2 Ra2+ 90. Kb3 Ra5 91. b6 Rb5+ 92. Kc3 Ra5 
93. Rb8 Ra3+ 94. Kb2 Ra4 95. b7 Rb4+ 96. Ka3 Re4 97. Rc8+ Kd5 98. b8=Q Re3+ 
99. Kb2 Re2+ 100. Rc2 Rxc2+ 101. Kxc2 Ke4 102. a8=Q+ Kf5 103. Qf3+ Kg6 
104. Qg8+ Kh6 105. Qh1# 1-0

[Event "Thursday 05 April Rapid Engine Tour 12+1 Rounds 9 Starts 1600ST"]
[Site "Infinity Chess"]
[Date "2018.4.5"]
[Round "5"]
[White "THE_MACHINE"]
[Black "Murx"]
[Result "1/2-1/2"]
[ECO "C42"]
[WhiteElo "2483"]
[BlackElo "2504"]
[WhiteEngine "BrainFish_180404_x64_bmi2"]
[BlackEngine "BrainFish_180404_x64_modern"]
[EventType "Swiss"]
[WhiteTeam ""]
[BlackTeam ""]
[PlyCount "89"]
[TimeControl "720+1"]

1. e4 e5 2. Nf3 Nf6 3. Nxe5 d6 4. Nf3 Nxe4 5. d4 d5 6. Bd3 Nc6 7. O-O Be7 
8. Nbd2 Bf5 9. Re1 Nxd2 10. Qxd2 Bxd3 11. Qxd3 O-O 12. c3 h6 13. Bf4 Bd6 
14. Bxd6 Qxd6 15. Re3 Rfe8 16. Rae1 Rxe3 17. Rxe3 a5 18. Qe2 Kf8 19. Qd3 Kg8 
20. h4 Qd7 21. h5 b6 22. Nh4 Re8 23. Qf5 Re6 24. Ng6 Ne7 25. Nxe7+ Qxe7 
26. Rxe6 fxe6 27. Qe5 Qd6 28. Qxd6 cxd6 29. Kh2 b5 30. Kg3 Kf7 31. a3 e5 
32. b4 a4 33. Kf3 Ke6 34. g4 Kf6 35. Ke3 Ke6 36. f4 e4 37. Kd2 Kf6 38. Ke3 Kf7 
39. Ke2 g6 40. hxg6+ Kxg6 41. Kf2 Kf6 42. Ke3 Kg6 43. Kf2 Kg7 44. Kg3 Kg6 
45. Kf2 1/2-1/2

[Event "Thursday 05 April Rapid Engine Tour 12+1 Rounds 9 Starts 1600ST"]
[Site "Infinity Chess"]
[Date "2018.4.5"]
[Round "5"]
[White "Brtroy"]
[Black "Eman"]
[Result "1/2-1/2"]
[ECO "C26"]
[WhiteElo "2511"]
[BlackElo "2493"]
[WhiteEngine "Stockfish_18040103_x64_bmi2_CTG"]
[BlackEngine "Eman 1.70-beta15 64-bit POPCNT"]
[EventType "Swiss"]
[WhiteTeam ""]
[BlackTeam ""]
[PlyCount "151"]
[TimeControl "720+1"]

1. e4 e5 2. Nc3 Nf6 3. g3 d5 4. exd5 Nxd5 5. Nf3 Nc6 6. Bg2 Nxc3 7. bxc3 Bc5 
8. O-O O-O 9. d3 Re8 10. Ng5 f6 11. Ne4 Bb6 12. c4 Rb8 13. a4 Bf5 14. Be3 Bd4 
15. Rb1 Qc8 16. Re1 Bg4 17. Qd2 Bh3 18. Bh1 Qd7 19. a5 b6 20. axb6 axb6 
21. Nc3 h6 22. Nd5 Bxe3 23. fxe3 Qd6 24. Ra1 f5 25. Qc3 e4 26. Qa3 Qd7 
27. Qa4 Rbd8 28. d4 Bg4 29. Bg2 Kh7 30. Qb5 Rf8 31. c3 Qd6 32. Nb4 Nxb4 
33. Qxb4 g5 34. Ra6 Kg7 35. Qxd6 Rxd6 36. Ra7 Rf7 37. Kf2 Re7 38. Ra8 Rf6 
39. Ra7 Rc6 40. Bf1 Rf6 41. Bg2 Kg8 42. Rb7 Kg7 43. d5 Rd6 44. Bf1 Kf6 
45. Ra1 Ke5 46. Raa7 Rdd7 47. Ra8 Bh5 48. Rh8 Rh7 49. Rf8 Rdf7 50. Rbb8 Rxf8 
51. Rxf8 Bg6 52. h4 Re7 53. Rc8 Be8 54. Rd8 f4 55. gxf4+ gxf4 56. Bh3 f3 
57. Bg4 Ba4 58. Rf8 Kd6 59. Rf6+ Kc5 60. Rxh6 Rg7 61. Bf5 Rg2+ 62. Kf1 Kxc4 
63. Bxe4 Bd1 64. Rc6+ Kb3 65. Rxc7 Be2+ 66. Ke1 b5 67. c4 bxc4 68. h5 Rg1+ 
69. Kf2 Rg2+ 70. Ke1 Kc3 71. d6 Rg1+ 72. Kf2 Rg2+ 73. Ke1 Rg1+ 74. Kf2 Rf1+ 
75. Kg3 Rg1+ 76. Kf2 1/2-1/2

[Event "Thursday 05 April Rapid Engine Tour 12+1 Rounds 9 Starts 1600ST"]
[Site "Infinity Chess"]
[Date "2018.4.5"]
[Round "5"]
[White "Vimtiroba"]
[Black "xeonrocks"]
[Result "0-1"]
[ECO "C44"]
[WhiteElo "2415"]
[BlackElo "2558"]
[WhiteEngine "SF9 ''M24''_CTG"]
[BlackEngine "Stockfish_x64_bmi2_CTG"]
[EventType "Swiss"]
[WhiteTeam ""]
[BlackTeam ""]
[PlyCount "124"]
[TimeControl "720+1"]

1. e4 e5 2. Nf3 Nc6 3. g3 d5 4. exd5 Qxd5 5. Nc3 Qd6 6. d3 Bg4 7. h3 Bf5 
8. Bg2 O-O-O 9. a3 f6 10. b4 Kb8 11. b5 Nd4 12. Nxd4 exd4 13. Ne2 Qd7 14. a4 Ne7 
15. Rb1 Ng6 16. a5 Be6 17. b6 cxb6 18. axb6 a6 19. Nf4 Bf7 20. O-O Ne5 
21. Re1 Bc5 22. Bd2 Rhe8 23. h4 Qd6 24. Rc1 Rd7 25. Re4 Bxb6 26. Rb1 Ree7 
27. Bh3 Rc7 28. Bg2 g6 29. Qe2 h6 30. Bb4 Bc5 31. c3 Qb6 32. Qf1 Nc6 
33. Bxc5 Qxc5 34. c4 g5 35. Rxe7 Nxe7 36. hxg5 hxg5 37. Ne2 Nc6 38. Be4 f5 
39. Bxc6 Qxc6 40. Qh3 Qe8 41. Nxd4 Qd8 42. Nxf5 Qxd3 43. Rc1 Bd5 44. Qh8+ Ka7 
45. Nd6 Bf3 46. Qf8 g4 47. Ra1 Bc6 48. Qf4 Qc3 49. Qe3+ Qxe3 50. fxe3 Kb6 
51. e4 Kc5 52. e5 Rh7 53. Re1 a5 54. Kf2 Re7 55. Nc8 Re6 56. Na7 Be8 57. Nc8 a4 
58. Nd6 Bc6 59. Nf7 a3 60. Ra1 Kb4 61. Ke3 Re7 62. Nd6 Rxe5+ 0-1

[Event "Thursday 05 April Rapid Engine Tour 12+1 Rounds 9 Starts 1600ST"]
[Site "Infinity Chess"]
[Date "2018.4.5"]
[Round "4"]
[White "Vimtiroba"]
[Black "angriff"]
[Result "1-0 "]
[ECO "C11"]
[WhiteElo "2400"]
[BlackElo "2380"]
[WhiteEngine "SF9 ''M24''_CTG"]
[BlackEngine "DracoREX 3.07 64BIT POPCNT_CTG"]
[EventType "Swiss"]
[WhiteTeam ""]
[BlackTeam ""]
[PlyCount "137"]
[TimeControl "720+1"]

1. e4 e6 2. d4 d5 3. Nc3 Nf6 4. e5 Nfd7 5. f4 c5 6. Nf3 Nc6 7. Be3 Qb6 
8. Na4 Qa5+ 9. c3 cxd4 10. b4 Nxb4 11. cxb4 Bxb4+ 12. Bd2 Bxd2+ 13. Nxd2 b6 
14. Bd3 Nc5 15. Nxc5 bxc5 16. O-O Bd7 17. Rb1 g6 18. Rb7 c4 19. Bxc4 Bc6 
20. Rb2 dxc4 21. Nxc4 Qd5 22. Nd6+ Ke7 23. Qe1 d3 24. Kh1 Rab8 25. Rd2 Qd4 
26. Qh4+ Kd7 27. Qf6 Rhf8 28. f5 Ba4 29. Rc1 Bc2 30. h3 Qb2 31. Rcd1 gxf5 
32. Nxf5 Kc7 33. Qe7+ Kb6 34. Nd6 Qc3 35. Ne4 Qxe5 36. Rxd3 Bxd3 37. Rxd3 Qa1+ 
38. Kh2 Qe5+ 39. Kg1 a5 40. Rd6+ Kb5 41. Qd7+ Kb4 42. Rd4+ Ka3 43. Ra4+ Kb2 
44. Qd2+ Ka1 45. Nc3 Qc5+ 46. Kh1 Rb1+ 47. Nxb1 Rc8 48. Na3 Qc1+ 49. Qxc1+ Rxc1+ 
50. Kh2 Kxa2 51. Rxa5 Kb3 52. Ra7 f5 53. Nb5 Rd1 54. Re7 Kc4 55. Nc7 Kc5 
56. Rxe6 Rd7 57. Ne8 Kd5 58. Re2 Rf7 59. Kg3 f4+ 60. Kf3 Rf8 61. Nc7+ Kd6 
62. Ne6 Rg8 63. Nxf4 Rg7 64. g4 Kd7 65. h4 Kc6 66. g5 Rb7 67. Re4 Rf7 
68. Kg4 Rd7 69. Nh5 1-0

[Event "Thursday 05 April Rapid Engine Tour 12+1 Rounds 9 Starts 1600ST"]
[Site "Infinity Chess"]
[Date "2018.4.5"]
[Round "4"]
[White "star99"]
[Black "MCDermont"]
[Result "1/2-1/2"]
[ECO "C11"]
[WhiteElo "2391"]
[BlackElo "2500"]
[WhiteEngine "Cryptic Heroes 9.3B"]
[BlackEngine "BrainFish 010418 WM_CTG"]
[EventType "Swiss"]
[WhiteTeam ""]
[BlackTeam ""]
[PlyCount "130"]
[TimeControl "720+1"]

1. e4 e6 2. d4 d5 3. Nc3 Nf6 4. e5 Nfd7 5. f4 c5 6. Nf3 Nc6 7. Be3 cxd4 
8. Nxd4 Qb6 9. Qd2 Qxb2 10. Rb1 Qa3 11. Bb5 Nxd4 12. Bxd4 a6 13. Bxd7+ Bxd7 
14. Rb3 Qe7 15. Rxb7 Rc8 16. O-O Qd8 17. Qe3 Rc4 18. Rfb1 Be7 19. f5 Bg5 
20. Qd3 O-O 21. Ne4 Bc8 22. Bb6 Be3+ 23. Qxe3 Qh4 24. Nf6+ gxf6 25. Rc7 exf5 
26. Rxc4 dxc4 27. exf6 Kh8 28. Bc7 Rg8 29. Bf4 Bd7 30. Rb8 Rxb8 31. Bxb8 Bc6 
32. Bg3 Qg4 33. h4 h5 34. Qg5 Qxg5 35. hxg5 Kh7 36. c3 f4 37. Bxf4 h4 38. a3 Kg6 
39. Kf2 Kf5 40. Bc1 a5 41. g3 h3 42. Kg1 Be4 43. Kh2 Kg4 44. Bf4 a4 45. Be3 Bb1 
46. Bd4 Kxg5 47. Kxh3 Be4 48. g4 Bb7 49. Kg3 Bh1 50. Be3+ Kxf6 51. Bf2 Ke5 
52. Bd4+ Ke6 53. Be3 Ke5 54. Bf4+ Kf6 55. Be3 Ke5 56. Kh4 Bd5 57. Kg3 Ke4 
58. Bb6 f6 59. g5 fxg5 60. Kg4 Bc6 61. Ba5 Bb5 62. Bb4 Ba6 63. Ba5 Bb5 
64. Bb4 Ba6 65. Ba5 Bb5 1/2-1/2

[Event "Thursday 05 April Rapid Engine Tour 12+1 Rounds 9 Starts 1600ST"]
[Site "Infinity Chess"]
[Date "2018.4.5"]
[Round "4"]
[White "RonWeasley"]
[Black "koalachess"]
[Result "1-0"]
[ECO "E32"]
[WhiteElo "2466"]
[BlackElo "2259"]
[WhiteEngine "BrainFish 010418 WM_CTG"]
[BlackEngine "asmFishW_2017-11-19_popcnt_CTG"]
[EventType "Swiss"]
[WhiteTeam ""]
[BlackTeam ""]
[PlyCount "133"]
[TimeControl "720+1"]

1. d4 Nf6 2. c4 e6 3. Nc3 Bb4 4. Qc2 O-O 5. e4 d5 6. e5 Ne4 7. Bd3 c5 
8. Nf3 cxd4 9. Nxd4 Nd7 10. Bf4 Qh4 11. g3 Qh3 12. O-O-O Nxc3 13. bxc3 Ba3+ 
14. Kb1 Nb6 15. Bf1 Qh5 16. Be2 Qg6 17. Bd3 Qh5 18. g4 Qh4 19. Nf3 Qd8 
20. Bxh7+ Kh8 21. c5 Bxc5 22. Ng5 Nc4 23. Ka1 Ba3 24. Rb1 Nxe5 25. Bg8 f5 
26. Bxe6 Be7 27. h4 Nxg4 28. Nf7+ Rxf7 29. Bxf7 Bf6 30. Rhe1 Bd7 31. Rxb7 Qa5 
32. Rc1 Rc8 33. Bd2 Qd8 34. Bg6 Nxf2 35. Bxf5 Rc7 36. Rxc7 Qxc7 37. Bxd7 Qxd7 
38. Bg5 Ne4 39. Bxf6 Nxf6 40. Qh2 Qe7 41. Qf4 Ne4 42. c4 Nc5 43. Rf1 dxc4 
44. Qf8+ Qxf8 45. Rxf8+ Kh7 46. Kb2 g5 47. hxg5 Kg6 48. Ra8 Kxg5 49. Kc3 a6 
50. Kxc4 Ne4 51. Rxa6 Nd2+ 52. Kb4 Nf3 53. a4 Kf5 54. Rb6 Kg5 55. a5 Ne5 
56. a6 Nd3+ 57. Kc3 Nf4 58. Kd4 Ne2+ 59. Kc4 Nf4 60. a7 Ne6 61. a8=Q Kf5 
62. Qd5+ Kf4 63. Rxe6 Kg3 64. Re3+ Kg4 65. Qg8+ Kf4 66. Kd4 Kf5 67. Rf3# 1-0

[Event "Thursday 05 April Rapid Engine Tour 12+1 Rounds 9 Starts 1600ST"]
[Site "Infinity Chess"]
[Date "2018.4.5"]
[Round "4"]
[White "KQRBNP"]
[Black "Time_bandit"]
[Result "1/2-1/2"]
[ECO "D26"]
[WhiteElo "2410"]
[BlackElo "2429"]
[WhiteEngine "Eman 1.70-beta15 64-bit POPCNT"]
[BlackEngine "asmFishW_2018-02-02_popcnt"]
[EventType "Swiss"]
[WhiteTeam ""]
[BlackTeam ""]
[PlyCount "55"]
[TimeControl "720+1"]

1. d4 d5 2. c4 dxc4 3. Nf3 Nf6 4. e3 e6 5. Bxc4 c5 6. O-O a6 7. b3 cxd4 
8. Nxd4 Bd6 9. Nd2 O-O 10. Bb2 e5 11. Ne2 Bb4 12. Nc3 Bf5 13. a3 Bxc3 
14. Bxc3 Nc6 15. a4 Qe7 16. Rc1 Nb4 17. Bxb4 Qxb4 18. Nf3 b5 19. Be2 Rfe8 
20. h3 h6 21. Rc7 Rad8 22. Qa1 Qxb3 23. axb5 axb5 24. Nxe5 Ra8 25. Qd4 Rad8 
26. Qa1 Ra8 27. Qd4 Rad8 28. Qa1 1/2-1/2

[Event "Thursday 05 April Rapid Engine Tour 12+1 Rounds 9 Starts 1600ST"]
[Site "Infinity Chess"]
[Date "2018.4.5"]
[Round "4"]
[White "Mr Aj"]
[Black "localhero"]
[Result "1/2-1/2"]
[ECO "A06"]
[WhiteElo "2434"]
[BlackElo "2434"]
[WhiteEngine "Houdini 6"]
[BlackEngine "asmFishW_2017-10-04_popcnt"]
[EventType "Swiss"]
[WhiteTeam ""]
[BlackTeam ""]
[PlyCount "140"]
[TimeControl "720+1"]

1. Nf3 d5 2. d4 Nf6 3. e3 e6 4. c4 c6 5. Nc3 Nbd7 6. Qc2 Bd6 7. Bd3 O-O 
8. O-O dxc4 9. Bxc4 b5 10. Be2 Bb7 11. e4 e5 12. Rd1 Qc7 13. Bg5 exd4 
14. Rxd4 Ne5 15. Bxf6 gxf6 16. g3 Bc5 17. Rdd1 Qb6 18. Rf1 Rfe8 19. Nh4 Rad8 
20. Kg2 Bb4 21. Rad1 Bxc3 22. bxc3 Bc8 23. Rd2 Rxd2 24. Qxd2 Rd8 25. Qc1 Kg7 
26. Rd1 Rxd1 27. Qxd1 Qc5 28. Qd2 a5 29. Nf5+ Bxf5 30. exf5 a4 31. h4 Nc4 
32. Qf4 Na3 33. g4 Nb1 34. g5 Nxc3 35. Bf3 Nd5 36. gxf6+ Kxf6 37. Qg5+ Ke5 
38. Qg7+ f6 39. Qxh7 b4 40. Qd7 a3 41. Qe8+ Kd4 42. Qe4+ Kc3 43. Bd1 Qc4 
44. Qf3+ Kd4 45. Bb3 Qc3 46. Qg4+ Ke5 47. Qe2+ Kd4 48. Qg4+ Kc5 49. h5 Qc1 
50. Bxd5 Kxd5 51. Qxb4 Qg5+ 52. Kf1 Qxh5 53. Qb3+ Ke4 54. Qxa3 Qd1+ 55. Kg2 Qg4+ 
56. Qg3 Qxg3+ 57. fxg3 c5 58. Kf2 Kd3 59. a4 c4 60. Ke1 Kc3 61. a5 Kb2 62. a6 c3 
63. Kf2 c2 64. a7 c1=Q 65. a8=Q Qc2+ 66. Kg1 Qb1+ 67. Kh2 Qxf5 68. Qb7+ Kc3 
69. Qc7+ Kd4 70. Qa7+ Kd5 1/2-1/2

[Event "Thursday 05 April Rapid Engine Tour 12+1 Rounds 9 Starts 1600ST"]
[Site "Infinity Chess"]
[Date "2018.4.5"]
[Round "4"]
[White "Thinker"]
[Black "Prometheus"]
[Result "1/2-1/2"]
[ECO "B32"]
[WhiteElo "2441"]
[BlackElo "2452"]
[WhiteEngine "BrainFish_180329_x64_modern_CTG"]
[BlackEngine "Eman 1.70-beta15 64-bit BMI2"]
[EventType "Swiss"]
[WhiteTeam ""]
[BlackTeam ""]
[PlyCount "96"]
[TimeControl "720+1"]

1. e4 c5 2. Nf3 Nc6 3. d4 cxd4 4. Nxd4 e5 5. Nb5 d6 6. N1c3 a6 7. Na3 b5 
8. Nd5 Nf6 9. Bg5 Be7 10. Bxf6 Bxf6 11. c3 Bg5 12. Nc2 Rb8 13. a4 bxa4 
14. Ncb4 Nxb4 15. Nxb4 Bd7 16. Bxa6 Qa5 17. Qxd6 Rb6 18. Qd3 Be6 19. Bc4 Rxb4 
20. Bxe6 O-O 21. cxb4 Qxb4+ 22. Qc3 Qxe4+ 23. Kf1 fxe6 24. Re1 Qf5 25. Qf3 e4 
26. Qxf5 exf5 27. g4 e3 28. gxf5 Rxf5 29. Re2 Bf6 30. Rg1 Rxf2+ 31. Rxf2 exf2 
32. Rg4 Bxb2 33. Rxa4 Be5 34. h3 Bb2 35. Kxf2 Be5 36. Kf3 Bc3 37. Ra7 g6 
38. Ke4 h5 39. Rb7 Be1 40. Rb1 Bf2 41. Ke5 g5 42. Rb2 Bh4 43. Kf5 Kg7 44. Rb1 g4 
45. hxg4 hxg4 46. Rb7+ Kh6 47. Rb6+ Kg7 48. Rb7+ Kh6 1/2-1/2

[Event "Thursday 05 April Rapid Engine Tour 12+1 Rounds 9 Starts 1600ST"]
[Site "Infinity Chess"]
[Date "2018.4.5"]
[Round "4"]
[White "Deep_Impact"]
[Black "Marsell"]
[Result "1/2-1/2"]
[ECO "C48"]
[WhiteElo "2461"]
[BlackElo "2465"]
[WhiteEngine "BrainFish_180404_x64_bmi2"]
[BlackEngine "asmFishW_2018-04-02_bmi2"]
[EventType "Swiss"]
[WhiteTeam ""]
[BlackTeam ""]
[PlyCount "179"]
[TimeControl "720+1"]

1. e4 e5 2. Nf3 Nc6 3. Nc3 Nf6 4. Bb5 Nd4 5. Ba4 c6 6. O-O a5 7. Bb3 d6 
8. h3 Be7 9. Re1 O-O 10. d3 b5 11. a3 Nxb3 12. cxb3 Bb7 13. d4 exd4 14. Nxd4 Re8 
15. Nf5 Bf8 16. Qf3 Re6 17. Qg3 Kh8 18. f3 d5 19. Be3 dxe4 20. Rad1 Qe8 
21. Nxe4 Nxe4 22. fxe4 c5 23. Nd6 Bxd6 24. Rxd6 Rxd6 25. Qxd6 Qxe4 26. Qg3 Qc2 
27. Bf4 Bd5 28. Rc1 Qxb2 29. Rxc5 Qxb3 30. Qxb3 Bxb3 31. Rxb5 a4 32. Rb8+ Rxb8 
33. Bxb8 h6 34. Kf2 g5 35. g4 Kh7 36. Kg3 Kg6 37. h4 Bd1 38. Be5 gxh4+ 
39. Kxh4 f5 40. gxf5+ Kxf5 41. Bg7 h5 42. Bd4 Bf3 43. Ba1 Bd1 44. Bb2 Kf4 
45. Ba1 Be2 46. Bb2 Bd1 47. Bc1+ Kf5 48. Be3 Bf3 49. Bd4 Bd1 50. Bf2 Be2 
51. Bd4 Ke4 52. Bh8 Kf4 53. Ba1 Bd1 54. Bf6 Kf5 55. Bg7 Kf4 56. Ba1 Bg4 
57. Bb2 Bf3 58. Bh8 Ke3 59. Be5 Ke4 60. Ba1 Bd1 61. Bc3 Bf3 62. Ba1 Bd1 
63. Kg5 Bg4 64. Bg7 Kd5 65. Bf6 Bd1 66. Kg6 Be2 67. Bh4 Kc4 68. Kf7 Bd3 
69. Kg7 Be4 70. Bg5 Bf3 71. Bh4 Kb3 72. Be7 Be4 73. Kh6 Bf3 74. Kg6 Bd1 
75. Bd6 Kc4 76. Be5 Kd5 77. Bf6 Ke6 78. Bd8 Bg4 79. Bh4 Kd5 80. Be7 Bf3 
81. Kf7 Be4 82. Bh4 Kc6 83. Be1 Kd7 84. Bh4 Bb1 85. Kg7 Be4 86. Be1 Bd3 
87. Kh6 Be2 88. Kg6 Kc6 89. Bf2 h4 90. Bxh4 1/2-1/2

[Event "Thursday 05 April Rapid Engine Tour 12+1 Rounds 9 Starts 1600ST"]
[Site "Infinity Chess"]
[Date "2018.4.5"]
[Round "4"]
[White "ivrdurant"]
[Black "hafaba"]
[Result "1/2-1/2"]
[ECO "C55"]
[WhiteElo "2467"]
[BlackElo "2469"]
[WhiteEngine "Raubfisch ME262_GTZ16d4"]
[BlackEngine "Eman 1.70-beta15 64-bit POPCNT"]
[EventType "Swiss"]
[WhiteTeam ""]
[BlackTeam ""]
[PlyCount "114"]
[TimeControl "720+1"]

1. e4 e5 2. Nf3 Nc6 3. Bc4 Nf6 4. d3 Bc5 5. c3 d6 6. O-O O-O 7. Bg5 a5 8. a4 h6 
9. Bh4 g5 10. Bg3 Bg4 11. Re1 Nh5 12. h3 Bxf3 13. Qxf3 Nxg3 14. Qxg3 Kg7 
15. Nd2 Qd7 16. Re2 Ne7 17. Nf1 Rae8 18. Rae1 Bb6 19. Qf3 f5 20. exf5 Nxf5 
21. Qxb7 Qxa4 22. Ne3 Nxe3 23. fxe3 Rb8 24. Qe4 Rf4 25. Qd5 Rf6 26. d4 c6 
27. Bb3 Qb5 28. Qxb5 cxb5 29. Rf2 a4 30. Bd5 b4 31. dxe5 dxe5 32. cxb4 Bd8 
33. Rxf6 Kxf6 34. Rf1+ Ke7 35. Rf7+ Kd6 36. Rb7 Rxb7 37. Bxb7 Kc7 38. Be4 Kb6 
39. Kf2 Kb5 40. Ke2 Kxb4 41. Bc2 Bf6 42. Kd2 Be7 43. Bg6 Kb3 44. Kc1 Kb4 
45. Bf7 Kb5 46. Bd5 Kc5 47. Bf7 e4 48. Kc2 Bd6 49. Be6 Kc6 50. Kc3 Bc5 
51. Kd2 Kb5 52. Ke2 Bd6 53. Kd1 Kc5 54. Bf7 Be5 55. Kc2 Bd6 56. Kd1 Be5 
57. Kc2 Bd6 1/2-1/2

[Event "Thursday 05 April Rapid Engine Tour 12+1 Rounds 9 Starts 1600ST"]
[Site "Infinity Chess"]
[Date "2018.4.5"]
[Round "4"]
[White "SkyPilot"]
[Black "THE_MACHINE"]
[Result "1/2-1/2"]
[ECO "C55"]
[WhiteElo "2479"]
[BlackElo "2483"]
[WhiteEngine "stockfish_x64_bmi2_2018_03_30_CTG"]
[BlackEngine "BrainFish_180404_x64_bmi2"]
[EventType "Swiss"]
[WhiteTeam ""]
[BlackTeam ""]
[PlyCount "229"]
[TimeControl "720+1"]

1. e4 e5 2. Nf3 Nc6 3. Bc4 Nf6 4. d3 Bc5 5. O-O d6 6. c3 O-O 7. h3 a5 
8. Nbd2 Be6 9. Bb5 h6 10. Re1 Qb8 11. Nf1 Qa7 12. Ne3 a4 13. Bxc6 bxc6 
14. Nh4 Kh7 15. Qf3 Bxe3 16. Bxe3 Qb7 17. Nf5 Ng8 18. d4 Rfe8 19. dxe5 dxe5 
20. g4 Rad8 21. b3 axb3 22. axb3 Rd3 23. Kh2 g6 24. g5 h5 25. Nh4 Rxc3 
26. Qg3 Qb5 27. Rac1 Rxc1 28. Rxc1 Bxb3 29. Rc5 Qb4 30. Rxe5 Rxe5 31. Qxe5 Qd6 
32. Bf4 Qd3 33. Ng2 c5 34. h4 c4 35. Ne1 Qd7 36. Qc5 Ne7 37. Bxc7 Nc6 
38. Bf4 Qe8 39. f3 Qd7 40. Be3 Nd8 41. Qe5 Nc6 42. Qf6 Qe6 43. Qxe6 fxe6 
44. Bd2 Kg8 45. Kg3 e5 46. Bc3 Kf7 47. Ng2 Ke7 48. f4 exf4+ 49. Nxf4 Kf7 
50. Nd5 Ke6 51. Bf6 Ne5 52. Nc3 Nd3 53. Kf3 Bc2 54. Bd4 Ne5+ 55. Ke3 Bd3 
56. Kf4 Nc6 57. Bc5 Ne5 58. Nd5 Ng4 59. Bb6 Bb1 60. Nc7+ Kf7 61. Bd4 Bd3 
62. Nb5 Ke6 63. Bc5 Kd7 64. Nc3 Ke6 65. Nd5 Bc2 66. Nc3 Bd3 67. Nb5 Kd7 
68. Bd4 Ke6 69. Nc3 Nh2 70. Nd5 Ng4 71. Kf3 Ne5+ 72. Kf4 Ng4 73. Nc3 Kd6 
74. Nd1 Ke6 75. Bg7 Kd7 76. Bd4 Ke7 77. Nc3 Kd6 78. Bh8 Kd7 79. Be5 Bc2 
80. Bd4 Ke6 81. Bg1 Ne5 82. Ba7 Nd3+ 83. Ke3 Ne5 84. Kf4 Nd3+ 85. Ke3 Ne5 
86. Bd4 Ng4+ 87. Kf4 Kd6 88. Bb6 Bd3 89. Bg1 Kd7 90. Be3 Ke7 91. Bb6 Kd7 
92. Na4 Kd6 93. Bc5+ Kd7 94. Bb4 Ke6 95. Nc5+ Kf7 96. e5 Bf5 97. Bd2 Ke7 
98. Bc3 Kf7 99. Bd4 Ke8 100. Ne4 Bxe4 101. Kxe4 Ke7 102. Kd5 c3 103. Bxc3 Ne3+ 
104. Ke4 Nf5 105. Bd2 Nxh4 106. Kd5 Nf3 107. Bb4+ Ke8 108. e6 h4 109. Ke4 Nxg5+ 
110. Kf4 h3 111. Kg3 h2 112. Kxh2 Nxe6 113. Be1 g5 114. Kh3 g4+ 115. Kxg4 
1/2-1/2

[Event "Thursday 05 April Rapid Engine Tour 12+1 Rounds 9 Starts 1600ST"]
[Site "Infinity Chess"]
[Date "2018.4.5"]
[Round "4"]
[White "Eman"]
[Black "MarioDeMonti"]
[Result "1/2-1/2"]
[ECO "C77"]
[WhiteElo "2493"]
[BlackElo "2500"]
[WhiteEngine "Eman 1.70-beta15 64-bit POPCNT"]
[BlackEngine "stockfish_x64_bmi2_2018_02_18_CTG"]
[EventType "Swiss"]
[WhiteTeam ""]
[BlackTeam ""]
[PlyCount "158"]
[TimeControl "720+1"]

1. e4 e5 2. Nf3 Nc6 3. Bb5 a6 4. Ba4 Nf6 5. O-O Be7 6. Re1 b5 7. Bb3 O-O 
8. c3 d5 9. exd5 Nxd5 10. Nxe5 Nxe5 11. Rxe5 c6 12. Re1 Bd6 13. d3 Bf5 
14. Qf3 Qh4 15. g3 Qh3 16. Be3 Bxd3 17. Nd2 Qf5 18. Bd4 Rfe8 19. a4 h6 
20. Kg2 Qxf3+ 21. Kxf3 Rxe1 22. Rxe1 bxa4 23. Bxa4 c5 24. Be5 Bf8 25. Bb3 Nb6 
26. Bc7 c4 27. Bxb6 cxb3 28. Ra1 f6 29. Ra5 Bb5 30. Be3 Kf7 31. h4 Be7 
32. Kg2 Bd7 33. Nxb3 Rb8 34. Nd4 Rxb2 35. Rxa6 Bc5 36. Nf5 Bxf5 37. Bxc5 Rc2 
38. Ra7+ Kg8 39. Bd4 Bg4 40. Rc7 h5 41. Rc6 Be2 42. Rc8+ Kf7 43. Rc5 Bg4 
44. Rc4 Kg6 45. Rc6 Kf7 46. Bb6 Kg6 47. Be3 Kf7 48. Rc7+ Kg6 49. Rc4 Be6 
50. Rc5 Bg4 51. Rc7 Be2 52. Bf4 Bg4 53. Rc6 Bf5 54. Kf3 Bg4+ 55. Ke3 Re2+ 
56. Kd4 Rxf2 57. c4 Ra2 58. c5 Kf5 59. Rb6 g5 60. Bd6 Ra4+ 61. Kc3 Ke6 
62. Bf8+ Kf7 63. Bd6 Ke6 64. hxg5 fxg5 65. Bf8+ Kf7 66. Bd6 h4 67. gxh4 gxh4 
68. c6 h3 69. c7 Ra2 70. Bc5 Bf5 71. Kc4 Rd2 72. Rh6 h2 73. Rh4 Kg6 74. Be3 h1=Q 
75. Rxh1 Rc2+ 76. Kb3 Rxc7 77. Rc1 Be6+ 78. Kb4 Rd7 79. Bg1 Kf5 1/2-1/2

[Event "Thursday 05 April Rapid Engine Tour 12+1 Rounds 9 Starts 1600ST"]
[Site "Infinity Chess"]
[Date "2018.4.5"]
[Round "4"]
[White "Murx"]
[Black "Brtroy"]
[Result "1/2-1/2"]
[ECO "C48"]
[WhiteElo "2504"]
[BlackElo "2511"]
[WhiteEngine "BrainFish_180404_x64_modern"]
[BlackEngine "Stockfish_18040103_x64_bmi2_CTG"]
[EventType "Swiss"]
[WhiteTeam ""]
[BlackTeam ""]
[PlyCount "111"]
[TimeControl "720+1"]

1. e4 e5 2. Nf3 Nc6 3. Nc3 Nf6 4. Bb5 Nd4 5. Ba4 c6 6. O-O a5 7. a3 Bc5 8. h3 b5 
9. Bb3 d6 10. Nxd4 exd4 11. Nb1 d3 12. Nc3 O-O 13. cxd3 a4 14. Ba2 Qe7 
15. Rb1 Qe5 16. Kh1 Nh5 17. Ne2 Nf4 18. d4 Bxd4 19. d3 Nxe2 20. Qxe2 c5 
21. Be3 Qf6 22. Bd5 Ra7 23. Bc6 Bd7 24. Bxd7 Rxd7 25. b3 axb3 26. Rxb3 Rb8 
27. Rfb1 Rdb7 28. Qd2 h5 29. f4 Bxe3 30. Qxe3 g6 31. Kg1 Kh7 32. f5 Qe5 
33. Qf2 g5 34. Qf3 Kh6 35. h4 gxh4 36. Qe3+ Kh7 37. Qg5 f6 38. Qxh4 Kh6 
39. Qf2 Kh7 40. Qf3 Kh6 41. Kh1 Qd4 42. g3 Ra7 43. Qf4+ Kg7 44. Kg2 b4 
45. Qf3 Rba8 46. Qxh5 Rxa3 47. Rxa3 Rxa3 48. Qe8 Qxd3 49. Qd7+ Kf8 50. Qc8+ Ke7 
51. Qc7+ Kf8 52. Qc8+ Ke7 53. Qc7+ Kf8 54. Qb8+ Ke7 55. Qb7+ Kf8 56. Qc8+ 
1/2-1/2